 Dungeon Crawl Stone Soup version 0.21.1-1-g345015f (webtiles) character file.

44499 Zhenya24pyc the Bludgeoner (level 14, 0/92 HPs)
             Began as a Gargoyle Fighter on Feb 7, 2018.
             Was the Champion of Okawaru.
             Slain by Donald
             ... wielding a +0 scimitar of distortion
              (21 damage)
             ... on level 2 of the Orcish Mines.
             The game lasted 00:44:13 (17854 turns).

Zhenya24pyc the Bludgeoner (Gargoyle Fighter)      Turns: 17854, Time: 00:44:15

Health: 0/92       AC: 40    Str: 25    XL:     14   Next: 28%
Magic:  19/19      EV: 10    Int:  9    God:    Okawaru [******]
Gold:   1295       SH: 17    Dex: 17    Spells: 13/13 levels left

rFire    . . .     SeeInvis +   O - +3 morningstar (protect)
rCold    . . .     Gourm    .   D - +0 large shield
rNeg     + . .     Faith    .   q - +7 chain mail of Plasticity {rCorr Dex+4 SInv}
rPois    ∞         Spirit   .   o - +0 helmet
rElec    +         Reflect  +   j - +0 cloak
rCorr    +         Harm     .   (no gloves)
MR       +....                  v - +1 pair of boots
Stlth    ..........             z - +2 amulet of reflection
HPRegen  0.25/turn              a - ring of see invisible
MPRegen  0.16/turn              m - +4 ring of dexterity

@: protection aura, flying, studying Dodging
A: big wings, negative energy resistance 1, electricity resistance, unbreathing,
petrification resistance, rot immunity, AC +10
a: Stop Flying, Heroism, Finesse, Renounce Religion


You were on level 2 of the Orcish Mines.
You worshipped Okawaru.
Okawaru was exalted by your worship.
You were not hungry.

You visited 2 branches of the dungeon, and saw 17 of its levels.
You also visited: Sewer.

You collected 1350 gold pieces.
You spent 55 gold pieces at shops.

Inventory:

Hand Weapons
 O - a +3 morningstar of protection (weapon)
Armour
 c - a +2 chain mail of positive energy
 g - a +0 crystal plate armour
 j - a +0 cloak (worn)
 o - a +0 helmet (worn)
 q - the +7 chain mail of Plasticity (worn) {rCorr Dex+4 SInv}
   (Okawaru gifted it to you on level 12 of the Dungeon)

   It affects your dexterity (+4).
   It lets you see invisible.
   It protects you from acid and corrosion.
 v - a +1 pair of boots (worn)
 D - a +0 large shield (worn)
Jewellery
 a - a ring of see invisible (left hand)
 m - a +4 ring of dexterity (right hand)
 z - a +2 amulet of reflection (around neck)
Wands
 b - a wand of disintegration (6)
 k - a wand of random effects (20)
 p - a wand of polymorph (23)
 y - a wand of scattershot (5)
 B - a wand of paralysis (18)
 G - a wand of iceblast (6)
 J - a wand of clouds (2)
Scrolls
 h - 6 scrolls of teleportation
 t - a scroll of fog
 w - a scroll of enchant weapon
 E - 9 scrolls of remove curse
 F - 2 scrolls of immolation
 H - 2 scrolls of acquirement
 K - 2 scrolls of fear
 L - 2 scrolls of enchant armour
 M - 3 scrolls of identify
Potions
 d - 4 potions of might
 e - a potion of resistance
 l - a potion of invisibility {unknown}
 n - 5 potions of heal wounds
 r - a potion of lignification {unknown}
 s - 2 potions of flight
 u - 3 potions of haste
 x - 4 potions of agility
 C - 11 potions of curing
 I - 2 potions of brilliance
 N - a potion of mutation
Books
 i - a manual of Dodging {1}
Comestibles
 f - 36 rations
 A - 19 chunks of flesh


   Skills:
 + Level 12.6 Fighting
 * Level 15.4 Maces & Flails
 - Level 2.0 Throwing
 + Level 8.6 Armour
 + Level 10.0 Dodging
 + Level 3.3 Shields
 - Level 7.0 Invocations


You had 13 spell levels left.
You didn't know any spells.

Dungeon Overview and Level Annotations

Branches:
Dungeon (15/15)            Temple (0/1) D:4            Lair (0/6) D:9
    Orc (2/2) D:11            Elf (0/3) Orc:2        Vaults (0/5) D:13
 Depths (0/5) D:15

Altars:
Ashenzari
Cheibriados
Dithmenos
Hepliaklqana
Makhleb
Nemelex Xobeh
Okawaru
Qazlal
Sif Muna
Yredelemnul

Shops:
D:4 !

Annotations:
D:8 1 runed door
D:14 exclusion: Roxanne, Roxanne
Orc:2 Donald


Innate Abilities, Weirdness & Mutations

You are resistant to torment.
Your stone body is resilient. (AC +10)
You are immune to poison.
Your large and strong wings let you fly indefinitely.
You resist negative energy. (rN+)
You are resistant to electric shocks. (rElec)
You can survive without breathing.
You are immune to petrification.
You are immune to rotting.


Message History

Space warps horribly around you! Donald blocks your attack.
You block Donald's attack.
Donald hits you with a scimitar of distortion!!
Space bends around you.
You are too injured to fight recklessly!
You are too injured to fight recklessly!
You are too injured to fight recklessly!
Donald says, "Okawaru always makes me think of chokos."
Donald hits you but does no damage.
There is a stone staircase leading up here.
You puncture Donald!
Your weapon exudes an aura of protection.
Donald is lightly wounded.
Donald hits you but does no damage. Space bends around you.
You puncture Donald!
Donald is moderately wounded.
Donald hits you with a scimitar of distortion!!
* * * LOW HITPOINT WARNING * * *
Space warps horribly around you!
You die...

#..>.......
##..........
##.........
#..........
##..........
#...........
#...........
#..@........
#...@.......
#...........
#...........
##..........
...........
#...........
#...........
##..........


You could see Donald.

Vanquished Creatures
  Snorg (D:13)
  An ettin (D:13)
  2 fire dragons (D:15)
  3 centaur warriors
  4 two-headed ogres
  A death knight (D:14)
  A shadow wraith (D:13)
  6 skeletal warriors
  2 unseen horrors
  Pikel (D:6)
  14 ugly things
  A deep elf mage (D:15)
  A necromancer (D:13)
  Joseph (D:10)
  3 cyclopes
  A manticore (D:11)
  5 centaur skeletons
  A freezing wraith (D:14)
  A kobold demonologist (D:15)
  A komodo dragon (D:13)
  3 efreet
  A troll (shapeshifter) (D:15)
  13 trolls
  2 hornets
  10 slime creatures
  2 hippogriffs (D:10)
  A shadow (D:13)
  2 wraiths
  A human (D:9)
  5 yaks
  3 hogs (D:9)
  A wyvern (shapeshifter) (D:13)
  3 hungry ghosts
  Eustachio (D:5)
  Grum (D:9)
  4 wargs (Orc:1)
  2 water moccasins (D:8)
  7 soldier ants
  Duvessa (D:5)
  7 orc warriors
  3 black bears
  2 eyes of draining
  3 ice beasts
  A sky beast (D:8)
  3 phantoms
  7 ogres
  9 wolves
  A necrophage (D:12)
  11 centaurs
  Blork the orc (D:6)
  6 big kobolds
  10 bullfrogs
  Dowan (D:5)
  3 scorpions
  23 killer bees
  5 howler monkeys
  3 crimson imps
  A quasit (D:10)
  3 bullfrog zombies
  5 centaur zombies
  4 jellies
  8 orc priests
  Crazy Yiuf (D:6)
  5 hounds
  12 orc wizards
  5 bullfrog skeletons
  3 iguanas
  17 worker ants
  A killer bee zombie (D:9)
  A hound zombie (D:6)
  A hound skeleton (D:9)
  A howler monkey zombie (D:11)
  14 gnolls
  20 adders
  3 river rats (Sewer)
  4 shadow imps
  An ooze (Sewer)
  3 adder skeletons
  3 worms
  2 dart slugs
  7 leopard geckos
  52 orcs
  3 ball pythons (Sewer)
  3 giant cockroaches
  10 goblins
  4 hobgoblins
  14 jackals
  2 quokkas
  A ball python skeleton (D:4)
  6 bats
  6 frilled lizards
  37 kobolds
  A leopard gecko zombie (D:5)
  A quokka skeleton (D:7)
  27 rats
505 creatures vanquished.

Vanquished Creatures (others)
  5 centaurs
  A howler monkey (D:14)
  An orc (D:15)
  A quokka skeleton (D:6)
8 creatures vanquished.

Grand Total: 513 creatures vanquished

Notes
Turn   | Place    | Note
-------+----------+-------------------------------------------
     0 | D:1      | Zhenya24pyc the Gargoyle Fighter began the quest for the Orb.
     0 | D:1      | Reached XP level 1. HP: 14/14 MP: 1/1
    62 | D:1      | Reached XP level 2. HP: 19/19 MP: 2/2
   556 | D:1      | Reached skill level 3 in Maces & Flails
   648 | D:2      | Reached XP level 3. HP: 24/24 MP: 3/3
   829 | D:2      | Found a hazy altar of Hepliaklqana.
   836 | D:2      | Found a shattered altar of Ashenzari.
   841 | D:2      | Found a deep blue altar of Sif Muna.
   848 | D:2      | Found an iron altar of Okawaru.
   852 | D:2      | Became a worshipper of Warmaster Okawaru
   858 | D:2      | Found a shadowy altar of Dithmenos.
   865 | D:2      | Found a burning altar of Makhleb.
   870 | D:2      | Found a basalt altar of Yredelemnul.
   975 | D:2      | Reached XP level 4. HP: 29/29 MP: 4/4
  1762 | D:3      | Reached skill level 4 in Maces & Flails
  2049 | D:3      | Found a stormy altar of Qazlal.
  2049 | D:3      | Found a snail-covered altar of Cheibriados.
  2184 | D:4      | Found a stormy altar of Qazlal.
  2186 | D:4      | Noticed a fire elemental
  2186 | D:4      | Noticed a water elemental
  2188 | D:4      | Noticed an earth elemental
  2188 | D:4      | Noticed an air elemental
  2198 | D:4      | Noticed a centaur
  2212 | D:4      | Killed a centaur
  2212 | D:4      | Reached XP level 5. HP: 24/34 MP: 5/5
  2293 | D:4      | Reached * piety under Okawaru
  2293 | D:4      | Reached skill level 5 in Maces & Flails
  2298 | D:4      | Reached XP level 6. HP: 33/40 MP: 6/6
  2412 | D:4      | Found Nabliukas's Distillery.
  2422 | D:4      | Bought a potion of heal wounds for 55 gold pieces
  2537 | D:4      | Reached skill level 5 in Fighting
  2537 | D:4      | Reached skill level 1 in Dodging
  2877 | D:4      | Found a staircase to the Ecumenical Temple.
  3146 | D:5      | Entered Level 5 of the Dungeon
  3180 | D:5      | Reached XP level 7. HP: 44/44 MP: 7/7
  3385 | D:5      | Reached skill level 6 in Maces & Flails
  3850 | D:5      | Noticed Dowan
  3856 | D:5      | Noticed Duvessa
  3859 | D:5      | Killed Dowan
  3859 | D:5      | Reached ** piety under Okawaru
  3870 | D:5      | Killed Duvessa
  4200 | D:5      | Noticed Eustachio
  4238 | D:5      | Killed Eustachio
  4238 | D:5      | Reached skill level 7 in Maces & Flails
  4238 | D:5      | Reached XP level 8. HP: 14/51 MP: 8/8
  4780 | D:6      | Found a glowing drain.
  4790 | D:6      | Noticed Pikel
  4819 | D:6      | Killed Pikel
  4819 | D:6      | Reached *** piety under Okawaru
  4819 | D:6      | Reached skill level 8 in Maces & Flails
  4826 | Sewer    | Entered a sewer
  5041 | Sewer    | Received a gift from Okawaru
  5041 | Sewer    | Reached XP level 9. HP: 57/57 MP: 9/9
  5581 | D:6      | Noticed Blork the orc
  5618 | D:6      | Killed Blork the orc
  5618 | D:6      | Reached skill level 1 in Throwing
  5897 | D:6      | Reached skill level 9 in Maces & Flails
  5903 | D:6      | Found a sparkling altar of Nemelex Xobeh.
  5993 | D:6      | Found a runed door.
  5997 | D:6      | Noticed Crazy Yiuf
  6006 | D:6      | Killed Crazy Yiuf
  6591 | D:7      | Reached skill level 1 in Invocations
  6821 | D:7      | Reached **** piety under Okawaru
  7575 | D:7      | Reached XP level 10. HP: 42/64 MP: 11/11
  7742 | D:8      | Reached skill level 10 in Maces & Flails
  7742 | D:8      | Reached skill level 5 in Dodging
  7998 | D:8      | Noticed a green ugly thing
  8032 | D:7      | Killed a green ugly thing
  8032 | D:7      | Reached ***** piety under Okawaru
  8353 | D:8      | Found a runed gate.
  8406 | D:8      | Found the +9 staff of Olgreb {rPois}
  8412 | D:8      | Found a runed door.
  8417 | D:8      | Found a runed gate.
  8418 | D:8      | Found a runed door.
  8434 | D:8      | Found a runed gate.
  8698 | D:9      | Noticed Grum
  8748 | D:9      | Killed Grum
  9172 | D:9      | Received a gift from Okawaru
  9282 | D:9      | Found a staircase to the Lair.
  9376 | D:9      | Noticed a two-headed ogre
  9405 | D:8      | Reached skill level 11 in Maces & Flails
  9976 | D:9      | Killed a two-headed ogre
  9976 | D:9      | Reached XP level 11. HP: 22/71 MP: 14/14
 10263 | D:10     | Entered Level 10 of the Dungeon
 10459 | D:10     | Identified 2 scrolls of acquirement
 10560 | D:10     | Noticed Joseph
 10569 | D:10     | Killed Joseph
 10698 | D:10     | Reached ****** piety under Okawaru
 10777 | D:10     | Reached skill level 12 in Maces & Flails
 10969 | D:10     | Received a gift from Okawaru
 11187 | D:11     | Reached skill level 10 in Fighting
 11227 | D:11     | Noticed a green ugly thing
 11248 | D:11     | Killed a green ugly thing
 11248 | D:11     | Reached skill level 5 in Invocations
 11252 | D:11     | Noticed a manticore
 11257 | D:11     | Killed a manticore
 11313 | D:11     | Noticed an unseen horror
 11319 | D:11     | Killed an unseen horror
 11648 | D:11     | Noticed a purple ugly thing
 11664 | D:11     | Killed a purple ugly thing
 11786 | D:11     | Received a gift from Okawaru
 11870 | D:11     | Noticed a skeletal warrior
 11882 | D:11     | Killed a skeletal warrior
 11897 | D:11     | Noticed a skeletal warrior
 11897 | D:11     | Noticed a skeletal warrior
 11897 | D:11     | Noticed a skeletal warrior
 11918 | D:11     | Killed a skeletal warrior
 11918 | D:11     | Reached XP level 12. HP: 60/78 MP: 16/16
 11983 | D:11     | Found a staircase to the Orcish Mines.
 12737 | D:8      | Reached skill level 13 in Maces & Flails
 13188 | D:12     | Reached skill level 5 in Armour
 13350 | D:12     | Paralysed by fainting for 9 turns
 13479 | D:12     | Received a gift from Okawaru
 13481 | D:12     | Got a bronze chain mail {god gift}
 13502 | D:12     | Identified the +7 chain mail of Plasticity {rCorr Dex+4 SInv} (Okawaru gifted it to you on level 12 of the Dungeon)
 13539 | D:12     | You fall through a shaft for 3 floors!
 13539 | D:15     | Entered Level 15 of the Dungeon
 13565 | D:14     | Noticed a two-headed ogre
 13570 | D:14     | Killed a two-headed ogre
 13742 | D:13     | Noticed Snorg
 13764 | D:13     | Killed Snorg
 13764 | D:13     | Reached skill level 14 in Maces & Flails
 13764 | D:13     | Reached XP level 13. HP: 58/84 MP: 17/17
 14130 | D:13     | Noticed an ettin
 14219 | D:13     | Killed an ettin
 14781 | D:13     | Found a gate to the Vaults.
 15169 | D:14     | Received a gift from Okawaru
 15235 | D:14     | Noticed Roxanne
 16291 | D:15     | Reached skill level 15 in Maces & Flails
 16614 | D:15     | Gained mutation: Your large and strong wings let you fly indefinitely. [Gargoyle growth]
 16614 | D:15     | Reached XP level 14. HP: 92/92 MP: 19/19
 16661 | D:15     | Received a gift from Okawaru
 17245 | D:15     | Found a staircase to the Depths.
 17554 | Orc:1    | Entered Level 1 of the Orcish Mines
 17713 | Orc:1    | Reached skill level 10 in Dodging
 17818 | Orc:2    | Entered Level 2 of the Orcish Mines
 17822 | Orc:2    | Found a staircase to the Elven Halls.
 17832 | Orc:2    | Noticed Donald
 17854 | Orc:2    | Slain by Donald

Skill      XL: |  1  2  3  4  5  6  7  8  9 10 11 12 13 14 |
---------------+-------------------------------------------+-----
Maces & Flails | 3 4 5 7 8 9 11 12 14 15 | 15.4
Fighting       | 4 5 6 7 8 9 10 11 12 | 12.6
Dodging        | 1 2 3 4 6 7 8 9 10 | 10.0
Throwing       | 2 |  2.0
Invocations    | 2 4 5 6 7 |  7.0
Armour         | 6 8 |  8.6
Shields        | |  3.3

Action                   |  1- 3 |  4- 6 |  7- 9 | 10-12 | 13-15 || total
-------------------------+-------+-------+-------+-------+-------++-------
Melee: Flail             |   144 |   211 |   576 |   374 |       ||  1305
       Morningstar       |       |       |       |   723 |   574 ||  1297
Throw: Javelin           |       |       |     1 |     5 |       ||     6
Invok: Heroism           |       |       |     1 |     2 |     1 ||     4
 Abil: Fly               |       |       |       |       |     1 ||     1
  Use: Scroll            |       |     3 |     4 |    13 |     6 ||    26
       Potion            |       |       |       |     5 |     2 ||     7
  Eat: Chunk             |     1 |     7 |    14 |    21 |    11 ||    54
       Ration            |       |       |       |     2 |     1 ||     3
Armor: Scale mail        |    88 |    93 |   340 |   269 |       ||   790
       Crystal plate arm |       |       |       |   260 |       ||   260
       Chain mail        |       |       |       |    46 |   231 ||   277
Dodge: Dodged            |    32 |    66 |   220 |   271 |   152 ||   741
Block: Shield            |    77 |   101 |   404 |   241 |       ||   823
       Reflection        |       |       |    10 |    16 |    20 ||    46
       Large shield      |       |       |       |   723 |   414 ||  1137
